AoeStats
← kable.xpress

Arabia

506560456Analyzed
1v1 RM · 19d ago on Sep 14, 2026· 37m 53s· 2 players
Game mode
Random Map
Map size
Tiny (2 player)
Population
200
Speed
Normal
Resources
Standard
Victory
Conquest
Starting age
Dark Age
Ending age
Imperial Age
RankedLock teamsTeams togetherTeam positionsShared explorationLock speedFull tech treeHidden civsTurbo modeCheats
Victory
Defeat
🇦🇷 Chinese · Argentina
2173
+6
🇦🇷 Japanese · Argentina
1914
-6
kable.xpress
0:25 Loom
9:33 Feudal Age
11:20 Double-Bit Axe
14:21 Fletching
21:30 Castle Age
20:11 Padded Archer Armor
20:04 Horse Collar
20:38 Gold Mining
22:05 Bodkin Arrow
21:36 Elite Skirmisher
21:46 Crossbowman
21:47 Elite Skirmisher
24:43 Leather Archer Armor
25:33 Ballistics
28:05 Bow Saw
28:53 Wheelbarrow
34:21 Hand Cart
37:45 Imperial Age
37:30 Thumb Ring
38:30 Bracer
Rainbowlucho
6:20 Loom
9:29 Feudal Age
9:32 Man-at-Arms
9:59 Double-Bit Axe
11:44 Horse Collar
13:11 Fletching
16:10 Padded Archer Armor
21:59 Castle Age
20:53 Bloodlines
22:37 Bodkin Arrow
22:05 Crossbowman
24:51 Leather Archer Armor
28:15 Bow Saw
29:00 Ballistics
29:07 Husbandry
32:34 Scale Barding Armor
35:02 Wheelbarrow
36:12 Chain Barding Armor
36:36 Forging
Connection lost

Rejoining the realm…

Still unreachable

The connection could not be restored.

Session expired

The server has moved on; the page needs a fresh start.